 Dungeon Crawl Stone Soup version 0.21-a0-88-g13b9641 (webtiles) character file.

37 sagitran the Cutter (level 3, -1/25 HPs)
             Began as a Gnoll Wanderer on June 27, 2017.
             Slain by a bullfrog zombie (3 damage)
             ... on level 3 of the Dungeon.
             The game lasted 00:12:46 (1805 turns).

sagitran the Cutter (Gnoll Wanderer)                Turns: 1805, Time: 00:12:47

Health: -1/25      AC:  5    Str: 12    XL:     3   Next: 39%
Magic:  5/5        EV: 11    Int: 10    God:
Gold:   124        SH:  4    Dex: 17    Spells: 2/2 levels left

rFire    . . .     SeeInvis .   a - +2 short sword
rCold    . . .     Gourm    .   g - +0 buckler
rNeg     . . .     Faith    .   b - +0 ring mail
rPois    .         Spirit   .   (no helmet)
rElec    .         Reflect  .   (no cloak)
rCorr    .         Harm     .   (no gloves)
MR       .....                  (no boots)
Stlth    +.........             (no amulet)
HPRegen  0.08/turn              (no ring)
MPRegen  0.09/turn              (no ring)

@: about to teleport
A: short attention span, fangs 1, agile 1, frail 1, strong nose
a: no special abilities


You were on level 3 of the Dungeon.
You were very full.

You visited 1 branch of the dungeon, and saw 3 of its levels.

You collected 124 gold pieces.

Inventory:

Hand Weapons
 a - a +2 short sword (weapon)
 d - a +0 hunting sling
 n - a +0 long sword
 s - a +0 rapier
Missiles
 e - 99 stones
 h - 54 arrows
 k - 4 poisoned tomahawks (quivered)
 r - 3 tomahawks
 t - 4 javelins
Armour
 b - a +0 ring mail (worn)
 g - a +0 buckler (worn)
Scrolls
 i - 2 scrolls of remove curse
 m - a scroll of magic mapping
Potions
 f - a potion of haste
 j - a potion of invisibility {unknown}
 l - a potion of lignification {unknown}
 q - a potion of flight {unknown}
Comestibles
 o - a royal jelly
 p - 2 meat rations


   Skills:
 + Level 2.4 Fighting
 + Level 4.4(4.5) Short Blades
 + Level 0.4(2.8) Long Blades
   Level 3.2 Bows
 + Level 0.9 Throwing
 + Level 4.1 Armour
 + Level 2.4 Dodging
   Level 3.2 Evocations


You had 2 spell levels left.
You didn't know any spells.

Dungeon Overview and Level Annotations

Branches:
Dungeon (3/15)

Altars:
Hepliaklqana
Nemelex Xobeh
Uskayaw


Innate Abilities, Weirdness & Mutations

You have a short attention span.
You have very sharp teeth.
Your uncanny sense of smell can sniff out nearby items.
You are agile. (Dex +2)
You are frail. (-10% HP)


Message History

A hobgoblin comes into view.
You hit the bullfrog zombie but do no damage.
You bite the bullfrog zombie.
The bullfrog zombie is heavily damaged.
The bullfrog zombie barely misses you.
You hit the bullfrog zombie.
The bullfrog zombie is severely damaged.
The bullfrog zombie misses you.
The bullfrog zombie hits you but does no damage.
As you read the scroll of teleportation, it crumbles to dust.
You feel strangely unstable.
The bullfrog zombie completely misses you.
You hit the bullfrog zombie.
The bullfrog zombie is severely damaged.
The bullfrog zombie misses you. You block the hobgoblin's attack.
You hit the bullfrog zombie but do no damage.
You bite the bullfrog zombie, but do no damage.
The bullfrog zombie is severely damaged.
The bullfrog zombie hits you.
You die...

∆ ### #.## #.. ∆
#.###############
###+#.......Z@g......
###$........###########
........(...#
###.........#
#.........# #.........#
#.........# ###########


You could see a bullfrog zombie and a hobgoblin.

Vanquished Creatures
  An adder (D:2)
  A leopard gecko (D:1)
  4 hobgoblins
  2 bats (D:1)
  4 frilled lizards
  5 goblins
  5 kobolds
  5 rats
27 creatures vanquished.

Notes
Turn   | Place    | Note
-------+----------+-------------------------------------------
     0 | D:1      | sagitran the Gnoll Wanderer began the quest for the Orb.
     0 | D:1      | sagitran set off with: a +2 short sword, a +0 ring mail, a scroll of teleportation, a bread ration
     0 | D:1      | Reached XP level 1. HP: 16/16 MP: 3/3
   178 | D:1      | Reached XP level 2. HP: 10/22 MP: 4/4
   292 | D:1      | Gained mutation: You evolve. [potion of mutation]
   292 | D:1      | Gained mutation: You are frail. (-10% HP) [potion of mutation]
   292 | D:1      | Gained mutation: You are agile. (Dex +2) [potion of mutation]
   917 | D:2      | Reached XP level 3. HP: 24/25 MP: 5/5
  1086 | D:2      | Lost mutation: You evolve. [end of evolution]
  1440 | D:2      | Found a hazy altar of Hepliaklqana.
  1610 | D:2      | Found a hide-covered altar of Uskayaw.
  1694 | D:2      | Found a sparkling altar of Nemelex Xobeh.
  1805 | D:3      | Slain by a bullfrog zombie

Vault maps used:
D:1:      minmay_arrival_shattered_statue
D:2:      lemuel_round_altar, marbit_many_paths, kennysheep_minor_cross,
          nemelex_diamond_rough_becter
D:3:      yredelemnul_forgotten_temple_becter, first_bread, tgw_xom

Skill      XL: |  1  2  3 |
---------------+----------+-----
Fighting       | 2 |  2.4
Dodging        | 2 |  2.4
Short Blades   | 4 |  4.4
Armour         | 4 |  4.1
Long Blades    | |  0.4
Bows           | |  3.2
Throwing       | |  0.9
Evocations     | |  3.2

Action                   || total
-------------------------++-------
Melee: Short sword       ||    46
       Club              ||     9
       Bite              ||     9
       Long sword        ||    10
 Fire: Hunting sling     ||    16
Throw: Tomahawk          ||     7
  Use: Scroll            ||     6
       Potion            ||     1
  Eat: Bread ration      ||     2
Armor: Ring mail         ||    34
Dodge: Dodged            ||    49
Block: Buckler           ||     4
       Rpst.: Long sword ||     1
